 Dungeon Crawl Stone Soup version 0.18.1-50-g88ac8fd (webtiles) character file.

891 Amnesiac the Slicer (level 8, -1/39 HPs)
             Began as a Vine Stalker Fighter on Mar 10, 2018.
             Slain by Menkaure (13 damage)
             ... on level 5 of the Dungeon.
             The game lasted 00:06:33 (3129 turns).

Amnesiac the Slicer (Vine Stalker Fighter)          Turns: 3129, Time: 00:06:33

Health: -1/39      AC: 11    Str: 20    XL:     8   Next: 6%
Magic:  0/10       EV:  7    Int:  8    God:
Gold:   207        SH:  9    Dex: 15    Spells: 0 memorised, 7 levels left

rFire  . . .     SeeInvis .     g - +1 dagger (protect)
rCold  . . .     Gourm    .     b - +0 scale mail
rNeg   . . .     Faith    .     c - +0 shield
rPois  .         Spirit   +     (no helmet)
rElec  .         Dismiss  .     (no cloak)
rCorr  .         Reflect  .     (no gloves)
SustAt .         Harm     +     (no boots)
MR     +....                    e - amulet of harm
Stlth  ..........               (no ring)
                                (no ring)

@: somewhat resistant to hostile enchantments, extremely unstealthy
A: fangs 3, regeneration 2, magic shield, antimagic bite, no device heal 3, rot
immunity
a: no special abilities


You were on level 5 of the Dungeon.
You were not hungry.

You visited 1 branch of the dungeon, and saw 6 of its levels.

You collected 207 gold pieces.

Inventory:

Hand Weapons
 g - a +1 dagger of protection (weapon)
Missiles
 z - 3 needles of sleeping
Armour
 b - a +0 scale mail (worn)
 c - a +0 shield (worn)
Jewellery
 e - an amulet of harm (around neck)
 p - an uncursed amulet of rage {unknown}
Wands
 B - a wand of flame (12/48)
Scrolls
 a - 2 scrolls of fog {!r}
 h - a scroll of random uselessness {!r, unknown}
 i - 3 scrolls of remove curse {!r}
 j - a scroll of enchant armour {!r, unknown}
 m - 2 scrolls of blinking {!r, unknown}
 o - 3 scrolls of enchant weapon {!r, unknown}
 t - 4 scrolls of identify {!r, unknown}
 u - a scroll of magic mapping {!r, unknown}
 y - 2 scrolls of teleportation {!r, unknown}
 D - a scroll of amnesia {!r, unknown}
Potions
 d - a potion of might {!q}
 l - 2 potions of agility {!q, unknown}
 n - a potion of haste {!q}
 r - 2 potions of heal wounds {!q, unknown}
 s - a potion of curing {!q, unknown}
 A - 2 potions of brilliance {!q, unknown}
 C - a potion of lignification {!q, unknown}
 F - a potion of berserk rage {!q, unknown}
Books
 E - a book of Battle

   Spells                             Type                      Level
   a - Infusion                       Charms                       1
   b - Shroud of Golubria             Charms/Translocation         2
   c - Song of Slaying                Charms                       2
   d - Spectral Weapon                Hexes/Charms                 3
   e - Regeneration                   Charms/Necromancy            3
Comestibles
 f - 3 bread rations
 k - a beef jerky
 v - a slice of pizza
 w - a meat ration
 x - 6 fruits


   Skills:
 - Level 2.6 Fighting
 - Level 8.0 Short Blades
 - Level 2.4 Armour
 - Level 2.6 Shields
 + Level 2.0 Evocations


You had 7 spell levels left.
You didn't know any spells.

Dungeon Overview and Level Annotations

Branches:
Dungeon (6/15)
 Temple: D:4-7

Altars:
Trog

Annotations:
D:5 Menkaure


Innate Abilities, Weirdness & Mutations

You have razor-sharp teeth.
You heal very quickly.
When hurt, damage is shared between your health and your magic reserves.
Your bite disrupts and absorbs the magic of your enemies.
Potions and wands cannot restore your health.
You are immune to rotting.


Message History

The hound is moderately wounded.
You block the hound's attack.
You hit the hound. You bite the hound. You drain its power.
You kill the hound!
You have reached level 8!
You feel agile.
Your teeth grow very long and razor-sharp.
Menkaure, Prince of Dust comes into view.
Edmund shouts!
Menkaure shouts!
Menkaure gestures wildly while chanting.
Menkaure seems to speed up.
Found a stone staircase leading up.
There are monsters nearby!
Evoke which item? (* to show all) (? for menu, Esc to quit)
Okay, then.
Menkaure calls on the powers of darkness!
Edmund convulses!
Your body is wracked with pain!
Menkaure breathes soot at you. Menkaure breathes soot at you.
Menkaure whispers, "It doesn't hurt if you pull your brain out of your nose yourself."
Menkaure gestures at you while chanting.
Pain shoots through your body! Menkaure casts a spell at you.
Pain shoots through your body!
There is an open door here.
You swing at nothing.
You swing at nothing.
You swing at nothing.
You hit Edmund but do no damage.
Edmund is heavily wounded.
Edmund hits you but does no damage.
You hit Edmund.
Edmund is heavily wounded.
You hit Edmund.
Edmund is severely wounded.
Edmund hits you with a flail of protection.
You closely miss Edmund. You bite Edmund, but do no damage.
Edmund is severely wounded.
You closely miss Edmund.
Edmund is severely wounded.
You block Edmund's attack.
Your shield and scale mail prevent you from hitting Edmund.
Edmund is severely wounded.
Edmund hits you but does no damage.
You hit Edmund but do no damage.
Edmund is severely wounded.
You hit Edmund but do no damage. You bite Edmund, but do no damage.
Edmund is severely wounded.
Menkaure calls on the powers of darkness!
Edmund convulses!
Your body is wracked with pain!
* * * LOW HITPOINT WARNING * * *
Edmund hits you with a flail of protection.
* * * LOW HITPOINT WARNING * * *
You hit Edmund but do no damage. You bite Edmund! You drain his power.
You feel invigorated.
You kill Edmund!
Your Short Blades skill increases to level 8!
Evoke which item? (* to show all) (? for menu, Esc to quit)
Zapping:
B - a wand of flame (13/48)
Press: ? - help, Shift-Dir - straight line, f - Menkaure
Aim: Menkaure (fast)
The puff of flame misses Menkaure.
This wand has 12 charges left.
Menkaure hits you!
You die...

######.##....####....
#...##.##....####....
#....#...............
#....#...............
#....#...............
#....#@..............
#....#...............
#....#...............
#...@M...............
#...##....##.##....##
#...########.##....##
#...# #........#
#...# #........#
#...# #........#
#...# #........#
#...# #........#
#...# ###########


You could see Menkaure.

Vanquished Creatures
  The ghost of Amnesiac the Ducker, an amateur VSFi (D:4)
  Edmund (D:5)
  An ogre (D:5)
  A phantom (D:4)
  4 hounds
  An orc wizard (D:3)
  2 orc priests (D:4)
  An iguana (D:4)
  3 worker ants
  3 adders
  10 gnolls
  An ooze (D:2)
  3 worms
  2 giant geckos
  9 orcs
  A ball python (D:2)
  A giant cockroach (D:2)
  6 goblins
  7 hobgoblins
  6 jackals
  6 kobolds
  3 quokkas
  7 bats
  6 giant newts
  7 rats
93 creatures vanquished.

Notes
Turn   | Place    | Note
--------------------------------------------------------------
     0 | D:1      | Amnesiac the Vine Stalker Fighter began the quest for the Orb.
     0 | D:1      | Reached XP level 1. HP: 11/11 MP: 2/2
    98 | D:1      | Reached skill level 2 in Short Blades
   171 | D:1      | Reached XP level 2. HP: 16/16 MP: 3/3
   482 | D:1      | Reached skill level 3 in Short Blades
   548 | D:1      | Reached XP level 3. HP: 19/19 MP: 4/4
  1013 | D:1      | Reached XP level 4. HP: 23/23 MP: 5/5
  1096 | D:2      | Reached skill level 4 in Short Blades
  1324 | D:2      | Found a bloodstained altar of Trog.
  1351 | D:2      | Reached XP level 5. HP: 26/27 MP: 6/6
  1402 | D:3      | Reached skill level 5 in Short Blades
  1758 | D:3      | You fall through a shaft for 3 floors!
  1804 | D:5      | Entered Level 5 of the Dungeon
  1857 | D:5      | Noticed Edmund
  1913 | D:4      | Gained mutation: You heal very quickly. [Vine Stalker growth]
  1913 | D:4      | Reached XP level 6. HP: 8/32 MP: 5/7
  2097 | D:4      | Noticed a phantom
  2149 | D:4      | Killed a phantom
  2207 | D:4      | Reached skill level 6 in Short Blades
  2255 | D:4      | Noticed Amnesiac's ghost (amateur VSFi)
  2297 | D:4      | Killed Amnesiac's ghost
  2297 | D:4      | Reached XP level 7. HP: 9/35 MP: 5/9
  2611 | D:5      | Reached skill level 7 in Short Blades
  3062 | D:5      | Gained mutation: You have razor-sharp teeth. [Vine Stalker growth]
  3062 | D:5      | Reached XP level 8. HP: 39/39 MP: 10/10
  3085 | D:5      | Noticed Menkaure
  3128 | D:5      | Killed Edmund
  3128 | D:5      | Reached skill level 8 in Short Blades
  3129 | D:5      | Slain by Menkaure

Skill      XL: |  1  2  3  4  5  6  7  8 |
---------------+-------------------------+-----
Short Blades   | 2 3 4 5 6 7 8 |  8.0
Evocations     | 2 |  2.0
Fighting       | |  2.6
Armour         | |  2.4
Shields        | |  2.6

Action                   |  1- 3 |  4- 6 |  7- 9 || total
-------------------------+-------+-------+-------++-------
Melee: Rapier            |    15 |       |       ||    15
       Bite              |    34 |    81 |    46 ||   161
       Dagger            |   114 |   286 |   115 ||   515
Evoke: Wand              |       |       |     2 ||     2
  Use: Scroll            |       |     2 |       ||     2
  Eat: Chunk             |       |     5 |     3 ||     8
Armor: Scale mail        |    50 |    85 |    21 ||   156
Dodge: Dodged            |    26 |    61 |    14 ||   101
Block: Shield            |    44 |   110 |    42 ||   196
